 Dungeon Crawl Stone Soup version 0.29-a0-284-gf9362112df (webtiles) character file.

Game seed: 2985626261514060181

179 spaghetti the Skirmisher (level 5, 21/57 HPs)
             Began as an Ogre Fighter on Mar 20, 2022.
             Quit the game on level 4 of the Dungeon.
             The game lasted 00:04:04 (3020 turns).

spaghetti the Skirmisher (Ogre Fighter)             Turns: 3020, Time: 00:04:06

Health: 21/57      AC:  9    Str: 19 (20) XL:     5   Next: 59%
Magic:  12/12      EV:  8    Int:  9 (11) God:
Gold:   180        SH:  7    Dex:  5 (8)  Spells: 3/13 levels left

rFire   + . .      SeeInvis .   a - +0 flail {mace}
rCold   + + .      Faith    .   c - +1 kite shield
rNeg    . . .      Spirit   .   b - +0 robe
rPois   +          Reflect  .   (helmet restricted)
rElec   +          Harm     .   (no cloak)
rCorr   +          Rampage  .   (gloves unavailable)
Will    .....                   (boots unavailable)
Stlth   +.........              (no amulet)
HPRegen 0.19/turn               g - +4 ring of protection
MPRegen 0.13/turn               (no ring)

@: lethally poisoned (21 -> -1), resistant, attractive, hasted, very quick
A: large, unfitting armour, tough skin 1, iridescent scales 1, cold resistance 1
a: no special abilities


You were on level 4 of the Dungeon.
You visited 1 branch of the dungeon, and saw 4 of its levels.

You collected 180 gold pieces.


Innate Abilities, Weirdness & Mutations

You are too large for most types of armour.
You have tough skin. (AC +1)
You are partially covered in iridescent scales. (AC +2)
Your flesh is cold resistant. (rC+)


   Skills:
 - Level 5.1 Fighting
 - Level 1.7 Maces & Flails
 - Level 2.6 Dodging
 - Level 2.6 Shields
 + Level 4.7 Spellcasting
 + Level 0.7 Transmutations


You had 3 spell levels left.
You knew the following spells:

 Your Spells              Type           Power      Damage    Failure   Level
a - Excruciating Wounds   Necr           1%         N/A       100%        5
b - Blade Hands           Tmut           1%         N/A       100%        5

Your spell library contained the following spells:

 Spells                   Type           Power      Damage    Failure   Level
 Portal Projectile        Hex/Tloc       4%         N/A       88%         3

Inventory:

Hand Weapons
 a - a +0 flail (weapon) {mace}
Missiles
 f - 91 stones (quivered) {throwing}
 h - 8 javelins {throwing}
 j - 5 curare-tipped darts {=fthrowing}
Armour
 b - a +0 robe (worn)
 c - a +1 kite shield (worn)
Jewellery
 g - a +4 ring of protection (left hand)
   (You found it on level 1 of the Dungeon)
 o - a ring of fire
   (You found it on level 3 of the Dungeon)
Wands
 l - a wand of flame (13)
   (You found it on level 3 of the Dungeon)
Scrolls
 d - a scroll of noise {unknown}
 n - a scroll of enchant armour
 p - 4 scrolls of blinking {!r}
Potions
 e - a potion of heal wounds {@q2}
 i - a potion of mutation {!q}
 k - 2 potions of curing {@q1}
 m - a potion of attraction {!q}

Dungeon Overview and Level Annotations

Branches:
Dungeon (4/15)
 Temple: D:4-7

Altars:

#.# #....##....##.......#
#.... ##.#
#....##....##.......###....
...#
##########.#######.........
#### #.# #......... #.#
#......... #.# #######.##
#.# #... #y####... ####
#@yyy...( #y####... #.# #.#
..# #.# #.. #..


You could see 5 killer bees.


Message History

Your hp is fully restored (57).
f - 91 stones {throwing} (gained 1)
f - 92 stones {throwing} (gained 1)
You open the door.
There is an open door here.
You open the door.
Found a stone staircase leading down.
There is an open door here.
There is a stone staircase leading down here.
s - a fuming red potion Key pressed, stopping explore.
Key pressed, stopping explore.
Found an escape hatch in the floor.
An endoplasm comes into view.
An endoplasm is nearby!
An endoplasm is nearby!
You hit the endoplasm but do no damage. The endoplasm barely misses you. x2
You hit the endoplasm.
The endoplasm hits you but does no damage.
You barely miss the endoplasm. The endoplasm completely misses you.
The endoplasm jiggles.
You block the endoplasm's attack.
You sock the endoplasm!
You kill the endoplasm!
No target in view!
No target in view!
No target in view!
No target in view!
No target in view!
No target in view!
No target in view!
No target in view!
No target in view!
No target in view!
No target in view!
No target in view!
There is an escape hatch in the floor here.
Found a stone staircase leading up.
There is an open door here.
There is an open door here.
Things that are here:
a hobgoblin corpse; a hobgoblin corpse Key pressed, stopping explore.
A killer bee comes into view.
The killer bee buzzes angrily.
You hear an angry buzzing noise. x2
A killer bee comes into view. x4
The killer bee buzzes angrily.
You throw a stone {throwing}.
The stone {throwing} misses the killer bee.
You sock the killer bee! The killer bee closely misses you.
You miss the killer bee. The killer bee stings you.
You are poisoned.
The killer bee poisons you! You block the killer bee's attack.
The killer bee closely misses you. 😕 HP[-1]
You take 1 damage, and now have 56/57 hp.
It was a potion of attraction.
You feel attractive to monsters.
You feel very sick. The killer bee barely misses you.
The killer bee stings you.
You are more poisoned.
The killer bee poisons you! The killer bee barely misses you.
The killer bee stings you but does no damage.
You block the killer bee's attack. x2 😕 HP[-7]
You take 7 damage, and now have 49/57 hp.
It was a potion of degeneration.
There was something very wrong with that liquid.
You feel weakened.
You feel dopey.
You feel clumsy.
You feel very sick. The killer bee stings you.
You are more poisoned.
The killer bee poisons you!
The killer bee stings you but does no damage.
The killer bee barely misses you. The killer bee stings you.
You block the killer bee's attack. x2 😮 HP[-15]
You take 15 damage, and now have 34/57 hp.
MASSIVE DAMAGE!! (PAUSE) It was a potion of haste.
You feel yourself speed up.
You feel very sick. You block the killer bee's attack.
The killer bee stings you but does no damage.
The killer bee barely misses you. The killer bee stings you.
* * * LOW HITPOINT WARNING * * *
You block the killer bee's attack.
The killer bee barely misses you. 😨 HP[-8]
You take 8 damage, and now have 26/57 hp.
Unknown command.
It was a potion of resistance.
You feel protected.
You feel sick.
The killer bee stings you but does no damage.
The killer bee barely misses you. The killer bee stings you.
* * * LOW HITPOINT WARNING * * *
You are lethally poisoned!
The killer bee poisons you! 😨 HP[-5]
You take 5 damage, and now have 21/57 hp.
Unknown command.
Are you sure you want to abandon this character and quit the game? (Confirm with "yes".)

Skill      XL: |  1  2  3  4 |
---------------+-------------+-----
Fighting       | 5 |  5.1
Spellcasting   | 1 2 4 |  4.7
Maces & Flails | |  1.7
Dodging        | |  2.6
Shields        | |  2.6
Transmutations | |  0.7

Action                   |  1- 3 |  4- 6 || total
-------------------------+-------+-------++-------
Melee: Flail             |    89 |    49 ||   138
Throw: Stone             |    26 |    45 ||    71
  Use: Scroll            |     6 |     4 ||    10
       Potion            |     1 |     6 ||     7
 Stab: Sleeping          |     1 |       ||     1
Armor: Robe              |    36 |    23 ||    59
Dodge: Dodged            |    44 |    26 ||    70
Block: Kite shield       |    42 |    25 ||    67

Levels and vault maps discovered:
D:1:      dpeg_arrival_refuge, layout_loops_ring, ebering_ecumenical_altar_webs
D:2:      layout_basic
D:3:      layout_rooms
D:4:      minmay_opposing_rooms, layout_basic, minmay_temple_entry_fiery,
          minmay_misc_feat_doors

Notes
Turn   | Place    | Note
-------+----------+-------------------------------------------
     0 | D:1      | spaghetti the Ogre Fighter began the quest for the Orb.
     0 | D:1      | Reached XP level 1. HP: 24/24 MP: 1/1
     0 | D:1      | magus.rc [v1.9.6]
   268 | D:1      | Found a faded altar of an unknown god.
   283 | D:1      | You pick up a book of Weapons and begin reading...
   283 | D:1      | You add the spells Portal Projectile, Excruciating Wounds
                  | and Blade Hands to your library.
   299 | D:1      | Reached XP level 2. HP: 23/33 MP: 2/2
   420 | D:1      | Reached skill level 5 in Fighting
   739 | D:1      | Reached skill level 1 in Spellcasting
   823 | D:1      | Reached XP level 3. HP: 42/42 MP: 4/4
   823 | D:1      | Gained mutation: Your flesh is cold resistant. (rC+)
                  | [potion of mutation]
   823 | D:1      | Gained mutation: You are partially covered in iridescent
                  | scales. (AC +2) [potion of mutation]
  1413 | D:2      | Reached skill level 2 in Spellcasting
  1699 | D:2      | Reached XP level 4. HP: 50/50 MP: 8/8
  1973 | D:3      | Reached skill level 3 in Spellcasting
  2465 | D:4      | Noticed a scorpion
  2478 | D:4      | Killed a scorpion
  2479 | D:4      | Reached skill level 4 in Spellcasting
  2479 | D:4      | Reached XP level 5. HP: 40/57 MP: 8/11
  2492 | D:4      | Learned a level 5 spell: Excruciating Wounds
  2498 | D:4      | Learned a level 5 spell: Blade Hands
  3020 | D:4      | Quit the game

Vanquished Creatures
  A scorpion (D:4)
  2 iguanas (D:4)
  2 adders (D:2)
  A worm (D:2)
  A dart slug (D:2)
  4 bats
  5 endoplasms
  2 giant cockroaches (D:1)
  3 goblins
  7 hobgoblins
  5 jackals
  3 quokkas
  3 ball pythons
  5 frilled lizards
  3 kobolds
  2 rats
49 creatures vanquished.

Table legend:
 A = Non-vault XP
 B = Vault XP
 C = Vault XP percentage of total XP
 D = Non-vault monster count
 E = Vault monster count
 F = Vault count percentage of total count
                 A         B        C        D         E       F
            +---------+---------+-------+---------+---------+-------
      Total |     256 |       0 |   0.0 |      49 |       0 |   0.0
            +---------+---------+-------+---------+---------+-------
        D:1 |      35 |       0 |   0.0 |      21 |       0 |   0.0
        D:2 |      52 |       0 |   0.0 |      14 |       0 |   0.0
        D:3 |       9 |       0 |   0.0 |       6 |       0 |   0.0
        D:4 |     160 |       0 |   0.0 |       8 |       0 |   0.0
            +---------+---------+-------+---------+---------+-------

Illustrated notes

Table legend:
 A = Kills in this place as a percentage of kills in entire the game.
 B = Kills by you in this place as a percentage of kills by you in the entire game.
 C = Kills by friends in this place as a percentage of kills by friends in the entire game.
 D = Other kills in this place as a percentage of other kills in the entire game.
 E = Experience gained in this place as a percentage of experience gained in the entire game.
 F = Experience gained in this place divided by the number of levels of this place that you have seen.
                   A       B       C       D       E      F
               +-------+-------+-------+-------+-------+----------------------
         Total | 100.0 | 100.0 |   N/A |   N/A | 100.0 |  64.0
       Dungeon | 100.0 | 100.0 |   N/A |   N/A | 100.0 |  64.0
               +-------+-------+-------+-------+-------+----------------------

Table legend: (Time is in decaauts)
 A = Elapsed time spent in this place.
 B = Non-inter-level travel time spent in this place.
 C = Inter-level travel time spent in this place.
 D = Time resting spent in this place.
 E = Time spent auto-exploring this place.
 F = Levels seen in this place.
 G = Mean time per level.
                   A        B        C        D        E       F      G
               +--------+--------+--------+--------+--------+-----+--------+
         Total |   3098 |   3008 |     90 |    309 |   2218 |   4 |  774.5 |
       Dungeon |   3098 |   3008 |     90 |    309 |   2218 |   4 |  774.5 |
               +--------+--------+--------+--------+--------+-----+--------+

Top non-repeatable levels by time:
     D:2: 1030 daAuts
     D:1: 916 daAuts
     D:4: 614 daAuts
     D:3: 537 daAuts
